 Dungeon Crawl Stone Soup version 0.20.1-1-g8b1a95d (webtiles) character file.

154521 tmwrnj the Peltast (level 17, -18/158 HPs)
             Began as a Hill Orc Fighter on Oct 15, 2017.
             Was the Champion of Beogh.
             Shot with an arrow by a deep elf master archer (31 damage)
             ... on level 3 of the Elven Halls.
             The game lasted 02:03:16 (32552 turns).

tmwrnj the Peltast (Hill Orc Fighter)              Turns: 32552, Time: 02:03:16

Health: -18/158    AC: 22    Str: 25    XL:     17   Next: 63%
Magic:  17/17      EV: 11    Int:  8    God:    Beogh [******]
Gold:   2043       SH: 26    Dex: 24    Spells: 16/16 levels left

rFire    . . .     SeeInvis .   D - +5 flail of a treasure trove {flame, rElec}
rCold    + . .     Gourm    .   X - +2 large shield
rNeg     . . .     Faith    .   w - +2 chain mail {rC+}
rPois    .         Spirit   .   y - +2 hat {MR+}
rElec    +         Reflect  +   E - +2 cloak of the Fisher {Str+2}
rCorr    .         Harm     .   v - +0 pair of gloves "Ugiuvaz" {*Contam Str+2 Dex+4}
MR       +++..                  I - +0 pair of boots
Stlth    ..........             n - +2 amulet of reflection
Regen    0.4/turn               S - +5 ring of dexterity
MPRegen  0.2/turn               W - ring of protection from magic

@: heavily drained
A: walk on water
a: Smiting, Recall Orcish Followers, Give Item to Named Follower, Resurrection,
Renounce Religion


You were on level 3 of the Elven Halls.
You worshipped Beogh.
Beogh was exalted by your worship.
You were not hungry.

You visited 4 branches of the dungeon, and saw 26 of its levels.

You collected 2450 gold pieces.
You spent 407 gold pieces at shops.

Inventory:

Hand Weapons
 D - the +5 flail of a treasure trove (weapon) {flame, rElec}
   (You found it on level 4 of the Dungeon)

   It has been specially enchanted to burn those struck by it, causing extra
   injury to most foes and up to half again as much damage against particularly
   susceptible opponents.
   It insulates you from electricity.
 P - a +4 morningstar of freezing
Armour
 v - the +0 pair of gloves "Ugiuvaz" (worn) {*Contam Str+2 Dex+4}
   (You bought it in a shop on level 2 of the Orcish Mines)

   It affects your strength (+2).
   It affects your dexterity (+4).
   It causes magical contamination when unequipped.
 w - a +2 chain mail of cold resistance (worn)
 y - a +2 hat of magic resistance (worn)
 E - the +2 cloak of the Fisher (worn) {Str+2}
   (You found it on level 4 of the Dungeon)

   It affects your strength (+2).
 I - a +0 pair of boots (worn)
 X - a +2 large shield (worn)
Jewellery
 a - a +3 ring of evasion
 c - an uncursed ring of resist corrosion
 m - an uncursed ring of flight
 n - a +2 amulet of reflection (around neck)
 x - an uncursed ring of see invisible
 z - an uncursed ring of fire
 L - a +3 ring of dexterity
 S - a +5 ring of dexterity (left hand)
 W - a ring of protection from magic (right hand)
Scrolls
 b - a scroll of summoning
 e - 4 scrolls of blinking
 l - 15 scrolls of teleportation
 q - 5 scrolls of immolation
 s - 6 scrolls of recharging
 B - 3 scrolls of silence
 F - 7 scrolls of enchant armour
 H - 5 scrolls of enchant weapon
 K - a scroll of vulnerability
 M - 2 scrolls of fog
 N - 7 scrolls of fear
 T - 10 scrolls of remove curse
 U - a scroll of holy word {unknown}
Potions
 g - 4 potions of curing
 h - 4 potions of agility
 j - a potion of invisibility {unknown}
 k - 3 potions of resistance
 o - 4 potions of cancellation
 r - 2 potions of haste {unknown}
 t - 5 potions of lignification
 u - 2 potions of ambrosia {unknown}
 A - 4 potions of flight
 C - 5 potions of berserk rage
 G - a potion of might
 O - 2 potions of heal wounds {unknown}
 R - 3 potions of brilliance
 V - 2 potions of magic {unknown}
Comestibles
 d - 36 fruits
 f - 13 bread rations
 i - 5 royal jellies
 p - 15 meat rations


   Skills:
 + Level 15.8(12.9) Fighting
   Level 5.7(11.2) Axes
 + Level 16.5(13.8) Maces & Flails
 + Level 13.4(10.7) Armour
 + Level 7.5(5.1) Dodging
 + Level 4.6(2.5) Stealth
 + Level 18.0(15.0) Shields


You had 16 spell levels left.
You didn't know any spells.

Dungeon Overview and Level Annotations

Branches:
Dungeon (15/15)            Temple (0/1) D:7            Lair (6/6) D:11
  Swamp (0/4) Lair:3        Snake (0/4) Lair:4        Slime (0/5) Lair:5
    Orc (2/2) D:10            Elf (3/3) Orc:2        Vaults (0/5) D:14
 Depths (0/5) D:15

Altars:
Ashenzari
Cheibriados
Dithmenos
Elyvilon
Fedhas
Gozag
Kikubaaqudgha
Makhleb
Nemelex Xobeh
Okawaru
Trog
Uskayaw
Vehumet
Xom
Zin
The Shining One
Beogh

Shops:
D:7 (   D:15 ?   Orc:2 *}![   Elf:2 :   Elf:3 ?

Annotations:
D:6 happinesssam's ghost, novice HuFi
D:14 cache at vault entrance


Message History

The deep elf master archer shoots an arrow.
The arrow hits you!!!
* * * LOW HITPOINT WARNING * * *
You sock the deep elf master archer! You burn the deep elf master archer.
The deep elf master archer is heavily wounded.
The deep elf master archer shoots an arrow.
The arrow closely misses you.
You bludgeon the deep elf master archer!!
You burn the deep elf master archer!
The deep elf master archer is almost dead.
The deep elf mage gestures wildly while chanting.
The deep elf mage blinks!
The deep elf master archer shoots an arrow.
The arrow hits you!
* * * LOW HITPOINT WARNING * * *
You closely miss the deep elf master archer.
The deep elf master archer is almost dead.
The deep elf master archer shoots an arrow.
The arrow hits you!!
You die...

.≈≈#..#...#.o......
.≈≈#..#.....)..##...
.≈≈#..#.............
.≈≈#..#...#..#########
≈≈≈##'##.....#........
≈≈##...##....'......
≈##.....##...#....
≈#.......###'##§########
≈#...⌠...'(...(.@e.(...(
≈#.......'.((...........
≈##.....#########################
≈≈##...##≈≈≈≈≈≈≈≈≈≈≈≈≈≈≈≈≈≈≈≈≈≈≈≈
≈≈≈#####≈≈≈≈≈≈≈≈≈≈≈(≈≈≈≈≈≈≈≈≈≈≈≈≈
.≈≈≈≈≈≈≈≈≈.......................
...≈≈≈≈≈..........[..............
.................[...............
..+###......)..(..<.....####'####


You could see a deep elf master archer.

Vanquished Creatures
  Gastronok (D:9)
  Kirke (D:15)
  A deep elf sorcerer (Elf:3)
  2 deep elf elementalists
  Nessos (D:13)
  A deep elf demonologist (Elf:3)
  Azrael (Elf:1)
  2 deep elf annihilators
  4 deep elf death magi
  Fannar (Orc:1)
  Erolcha (D:9)
  5 hydras
  2 vault guards (D:14)
  10 two-headed ogres
  24 dancing weapons
  2 ogre magi (Orc:2)
  A deep troll shaman (Lair:6)
  An alligator (shapeshifter) (D:15)
  3 death yaks
  A tengu warrior (D:14)
  15 deep elf knights
  Sonja (D:10)
  Nergalle (D:11)
  3 unseen horrors
  An unseen horror (shapeshifter) (Elf:1)
  4 deep elf archers
  A glowing orange brain (D:15)
  2 wizards (D:14)
  3 necromancers
  7 ugly things
  An orc sorcerer (Orc:2)
  3 orc knights
  43 deep elf magi
  A wolf spider zombie (D:14)
  The ghost of Frank the Slasher, a novice OpFi of Gozag (D:8)
  2 cyclopes
  A centaur zombie (D:13)
  3 elephants (Lair:6)
  A guardian serpent (shapeshifter) (D:15)
  2 gargoyles
  Joseph (D:7)
  A black mamba (Lair:5)
  A spiny frog (shapeshifter) (D:15)
  9 spiny frogs
  3 rime drakes
  3 centaur skeletons
  4 komodo dragons
  2 kobold demonologists
  A freezing wraith (D:14)
  2 efreet
  3 polar bears
  A hornet (shapeshifter) (D:15)
  A hornet (D:11)
  2 trolls
  7 blink frogs
  2 hippogriffs
  Sigmund (D:8)
  A wyvern (shapeshifter) (D:15)
  2 shadows
  A wyvern (Lair:3)
  An air elemental (Elf:2)
  A yak (shapeshifter) (D:15)
  A vampire (D:12)
  7 water elementals
  30 yaks
  5 fire elementals
  14 humans
  A golden eye (shapeshifter) (D:15)
  2 basilisks (Lair:3)
  2 vampire mosquitoes (D:15)
  A hungry ghost (D:13)
  A naga (shapeshifter) (Elf:2)
  2 nagas (Lair:4)
  6 water moccasins
  8 porcupines
  A hell hound (Elf:1)
  6 orc warriors
  A black bear (shapeshifter) (D:13)
  3 sky beasts
  A black bear (D:10)
  5 ice beasts
  26 ogres
  An eye of draining (D:11)
  A phantom (D:8)
  11 centaurs
  8 wolves
  6 crocodiles
  4 big kobolds
  9 bullfrogs
  2 wyvern skeletons
  6 scorpions
  17 killer bees
  9 wights
  A howler monkey (D:7)
  3 electric eels
  3 crimson imps
  7 hounds
  2 quasits
  A bullfrog zombie (D:7)
  3 bullfrog skeletons
  9 orc priests
  4 jellies
  Jessica (D:2)
  Ijyb (D:3)
  5 worker ants
  4 iguanas
  15 orc wizards
  4 wolf simulacra (Lair:3)
  3 hound skeletons
  A howler monkey zombie (D:9)
  2 worker ant zombies
  12 adders
  6 shadow imps
  An adder zombie (D:8)
  3 worms
  3 dart slugs (D:2)
  4 leopard geckos
  34 orcs
  6 giant cockroaches
  7 goblins
  6 hobgoblins
  3 jackals
  20 kobolds
  5 quokkas
  A ball python (D:4)
  A ball python skeleton (D:4)
  A ball python zombie (D:5)
  8 bats
  6 frilled lizards
  7 rats
  A river rat simulacrum (Lair:3)
  3 fungi (Lair:6)
615 creatures vanquished.

Vanquished Creatures (collateral kills)
  Rupert (D:13)
  Asterion (Elf:2)
  A deep elf elementalist (Elf:1)
  A deep elf death mage (Elf:1)
  A slime creature (D:15)
  A yaktaur captain (D:15)
  Harold (D:12)
  2 ogre magi (Orc:2)
  3 hydras
  2 catoblepae
  The ghost of Mesmaeker13 the Nimble, a journeyman DrWz of Sif Muna (Lair:1)
  3 dancing weapons (Elf:2)
  2 centaur warriors
  5 two-headed ogres
  A death knight (D:15)
  8 death yaks
  3 deep elf knights (Elf:1)
  6 deep elf archers
  A wizard (D:15)
  A harpy (shapeshifter) (Elf:1)
  19 deep elf magi
  An orc sorcerer (Elf:1)
  A wolf spider (D:15)
  3 ugly things
  A cyclops (D:13)
  2 black mambas
  6 elephants (Lair:6)
  Maurice (Orc:1)
  5 spiny frogs
  2 komodo dragons
  2 tyrant leeches (Lair:3)
  A polar bear (Lair:5)
  11 blink frogs
  A hippogriff (D:12)
  An air elemental (Elf:2)
  A wyvern (D:12)
  A fire elemental (Elf:2)
  3 basilisks
  2 hungry ghosts
  15 yaks
  10 humans (D:14)
  2 water elementals (Elf:1)
  A vampire mosquito (D:15)
  2 nagas (Lair:4)
  4 water moccasins
  A hell hound (Elf:2)
  2 porcupines
  A black bear (Lair:6)
  An ice beast (D:13)
  6 orc warriors
  9 wolves
  12 ogres (Orc:2)
  4 crocodiles
  3 centaurs
  3 bullfrogs
  An earth elemental (Elf:1)
  An electric eel (D:14)
  A crimson imp (D:12)
  A quasit (D:13)
  3 centaur skeletons
  3 orc wizards (Orc:2)
  4 orc priests
  2 yak simulacra (Lair:3)
  A polar bear simulacrum (Lair:3)
  3 wolf simulacra (Lair:3)
  An adder (D:11)
  6 orcs
  7 kobolds
  12 fungi
  4 plants
235 creatures vanquished.

Vanquished Creatures (others)
  3 orc warlords
  A centaur warrior (D:15)
  3 orc knights
  A deep elf knight (Elf:2)
  An orc sorcerer (D:15)
  11 orc warriors
  A centaur (D:13)
  17 orc priests
  8 orc wizards
  32 orcs
  6 fungi
  22 plants
106 creatures vanquished.

Grand Total: 956 creatures vanquished

Notes
Turn   | Place    | Note
-------+----------+-------------------------------------------
     0 | D:1      | tmwrnj the Hill Orc Fighter began the quest for the Orb.
     0 | D:1      | Reached XP level 1. HP: 19/19 MP: 1/1
   131 | D:1      | Reached XP level 2. HP: 27/27 MP: 2/2
   809 | D:2      | Reached XP level 3. HP: 33/33 MP: 3/3
  1133 | D:2      | Reached XP level 4. HP: 38/40 MP: 4/4
  1217 | D:2      | Noticed Jessica
  1226 | D:2      | Killed Jessica
  1418 | D:3      | Found a snail-covered altar of Cheibriados.
  1651 | D:3      | Reached XP level 5. HP: 46/46 MP: 5/5
  1676 | D:3      | Noticed an ogre
  1770 | D:4      | Reached skill level 5 in Axes
  1770 | D:4      | Reached skill level 4 in Shields
  1784 | D:4      | Found a glowing golden altar of the Shining One.
  2076 | D:4      | Found a white marble altar of Elyvilon.
  2082 | D:4      | Reached skill level 1 in Dodging
  2097 | D:4      | Noticed an ogre
  2203 | D:3      | Noticed Ijyb
  2213 | D:3      | Killed Ijyb
  2484 | D:3      | Found an ancient bone altar of Kikubaaqudgha.
  3098 | D:5      | Entered Level 5 of the Dungeon
  3128 | D:5      | Noticed an ice beast
  3160 | D:4      | Got an ancient flail
  3181 | D:4      | Got a scorched cloak
  3204 | D:4      | Reached XP level 6. HP: 50/53 MP: 6/6
  3431 | D:4      | Identified the +5 flail of a treasure trove {flame, rElec} (You found it on level 4 of the Dungeon)
  3437 | D:4      | Identified the +2 cloak of the Fisher {Str+2} (You found it on level 4 of the Dungeon)
  3591 | D:4      | Reached skill level 1 in Maces & Flails
  3848 | D:5      | Killed an ice beast
  3848 | D:5      | Reached XP level 7. HP: 37/60 MP: 3/7
  3926 | D:5      | Reached skill level 5 in Fighting
  4218 | D:5      | Reached skill level 5 in Shields
  4628 | D:6      | Found a shimmering altar of Xom.
  4641 | D:6      | Reached skill level 5 in Maces & Flails
  4641 | D:6      | Reached XP level 8. HP: 69/69 MP: 8/8
  4645 | D:6      | Found a shadowy altar of Dithmenos.
  4648 | D:6      | Found an opulent altar of Gozag.
  4648 | D:6      | Found a glowing golden altar of the Shining One.
  4651 | D:6      | Found a blossoming altar of Fedhas.
  4651 | D:6      | Found an iron altar of Okawaru.
  4652 | D:6      | Found a hide-covered altar of Uskayaw.
  4654 | D:6      | Found a burning altar of Makhleb.
  4674 | D:6      | Noticed a cacodemon
  4801 | D:6      | Found a glowing silver altar of Zin.
  4801 | D:6      | Noticed an angel
  4986 | D:6      | Noticed happinesssam's ghost (novice HuFi)
  5194 | D:8      | Reached skill level 6 in Shields
  5475 | D:8      | Reached skill level 5 in Armour
  5678 | D:7      | Reached XP level 9. HP: 65/75 MP: 9/9
  5686 | D:7      | Found Ynear Cah's Antique Weapon Emporium.
  5957 | D:7      | Found a staircase to the Ecumenical Temple.
  6040 | D:7      | Noticed Joseph
  6349 | D:8      | Found a runed door.
  6365 | D:8      | Became a worshipper of Beogh the Brigand
  6403 | D:8      | Found a runed door.
  6409 | D:8      | Found a runed door.
  6411 | D:8      | Found a runed door.
  6423 | D:8      | Noticed Sigmund
  6450 | D:8      | Reached skill level 7 in Shields
  6454 | D:8      | Killed Sigmund
  6469 | D:8      | Reached XP level 10. HP: 74/88 MP: 8/10
  6759 | D:8      | Reached * piety under Beogh
  7254 | D:8      | Reached skill level 1 in Stealth
  7328 | D:8      | Found a bloodstained altar of Trog.
  7375 | D:8      | Noticed Frank's ghost (novice OpFi)
  7405 | D:8      | Killed Frank's ghost
  7797 | D:7      | Killed Joseph
  7797 | D:7      | Reached ** piety under Beogh
  7797 | D:7      | Reached skill level 10 in Maces & Flails
  7797 | D:7      | Reached skill level 8 in Shields
  7930 | D:9      | Found a shattered altar of Ashenzari.
  7968 | D:9      | Noticed Gastronok
  7973 | D:10     | Entered Level 10 of the Dungeon
  7973 | D:10     | Noticed Sonja
  8361 | D:11     | Found a staircase to the Lair.
  8578 | D:11     | Paralysed by a hornet for 1 turns
  8585 | D:11     | Reached XP level 11. HP: 78/95 MP: 9/11
  8963 | D:11     | Noticed Nergalle
  8985 | D:11     | Killed Nergalle
  9671 | D:10     | Reached *** piety under Beogh
  9973 | D:9      | Noticed Erolcha
  9979 | D:9      | Killed Erolcha
 10243 | D:9      | Killed Gastronok
 10346 | D:9      | Found a sparkling altar of Nemelex Xobeh.
 10735 | D:10     | Killed Sonja
 10735 | D:10     | Reached skill level 10 in Fighting
 11001 | D:10     | Reached **** piety under Beogh
 11030 | D:10     | Found a staircase to the Orcish Mines.
 11031 | D:10     | Found a roughly hewn altar of Beogh.
 11054 | Orc:1    | Entered Level 1 of the Orcish Mines
 11168 | Orc:2    | Entered Level 2 of the Orcish Mines
 11177 | Orc:2    | Reached XP level 12. HP: 106/106 MP: 12/12
 11306 | Orc:2    | Noticed a two-headed ogre
 11315 | Orc:2    | Killed a two-headed ogre
 11315 | Orc:2    | Reached skill level 9 in Shields
 11355 | Orc:2    | Found a staircase to the Elven Halls.
 11478 | Orc:2    | Gained Judas as an ally
 11602 | Orc:2    | Noticed a two-headed ogre
 11602 | Orc:2    | Noticed a two-headed ogre
 11602 | Orc:2    | Noticed a two-headed ogre
 11603 | Orc:2    | Noticed a two-headed ogre
 11603 | Orc:2    | Noticed a two-headed ogre
 11604 | Orc:2    | Noticed an ogre mage
 11605 | Orc:2    | Noticed an ogre mage
 11606 | Orc:2    | Noticed a two-headed ogre
 11609 | Orc:2    | Killed a two-headed ogre
 11610 | Orc:2    | Noticed an ogre mage
 11610 | Orc:2    | Noticed a two-headed ogre
 11613 | Orc:2    | Noticed an ogre mage
 11619 | Orc:2    | Killed a two-headed ogre
 11620 | Orc:2    | Noticed a two-headed ogre
 11621 | Orc:2    | Killed a two-headed ogre
 11632 | Orc:2    | Your ally Judas died
 11775 | Orc:1    | Noticed Maurice
 11855 | Orc:1    | Noticed Fannar
 11871 | Orc:1    | Killed Fannar
 12045 | Orc:1    | Killed Maurice
 12215 | Orc:1    | Killed a two-headed ogre
 12271 | Orc:1    | Killed a two-headed ogre
 12275 | Orc:1    | Killed a two-headed ogre
 12399 | Orc:2    | Noticed a two-headed ogre
 12407 | Orc:2    | Killed a two-headed ogre
 12417 | Orc:2    | Killed an ogre mage
 12429 | Orc:2    | Reached ***** piety under Beogh
 12446 | Orc:2    | Killed an ogre mage
 12446 | Orc:2    | Reached skill level 10 in Armour
 12449 | Orc:2    | Killed a two-headed ogre
 12449 | Orc:2    | Reached skill level 10 in Shields
 12451 | Orc:2    | Reached XP level 13. HP: 33/116 MP: 8/13
 12888 | Orc:2    | Killed an ogre mage
 12923 | Orc:2    | Found Dour Jene's Antique Armour Emporium.
 13260 | Orc:2    | Found Pexzac's Gadget Boutique.
 13260 | Orc:2    | Found Qeh Soagroi's Assorted Antiques.
 13260 | Orc:2    | Found Dueblyull's Distillery.
 13272 | Orc:2    | Bought a pair of shimmering gloves for 323 gold pieces
 13282 | Orc:2    | Identified the +0 pair of gloves "Ugiuvaz" {*Contam Str+2 Dex+4} (You bought it in a shop on level 2 of the Orcish Mines)
 14057 | D:12     | Gained Olfik as an ally
 14422 | D:12     | Noticed Harold
 14435 | D:12     | Killed Harold
 14552 | D:12     | Got a pair of brightly glowing gloves
 15131 | D:13     | Reached skill level 11 in Shields
 15163 | D:13     | Identified the -1 pair of gloves of Listlessness {rElec} (You found it on level 12 of the Dungeon)
 15364 | D:13     | Reached ****** piety under Beogh
 15450 | D:13     | Noticed Nessos
 15459 | D:13     | Killed Nessos
 15550 | D:13     | Noticed Rupert
 15569 | D:13     | Killed Rupert
 15879 | D:14     | Reached XP level 14. HP: 127/127 MP: 14/14
 15950 | D:14     | Reached skill level 15 in Maces & Flails
 15979 | D:14     | Found a gate to the Vaults.
 16005 | D:14     | Reached skill level 12 in Shields
 16267 | D:14     | Reached skill level 5 in Dodging
 17077 | D:15     | Entered Level 15 of the Dungeon
 17218 | D:15     | Found Nuocisodgh's Magic Scroll Shoppe.
 17262 | D:15     | Reached skill level 13 in Shields
 17302 | D:15     | Found a staircase to the Depths.
 17881 | D:15     | Noticed Kirke
 17890 | D:15     | Killed Kirke
 18153 | D:15     | Reached XP level 15. HP: 114/136 MP: 15/15
 18417 | Lair:1   | Entered Level 1 of the Lair of Beasts
 18455 | Lair:1   | Your ally Olfik died
 18475 | Lair:1   | Gained Judas as an ally
 18592 | Lair:1   | Noticed Mesmaeker13's ghost (journeyman DrWz)
 18604 | Lair:1   | Killed Mesmaeker13's ghost
 18631 | Lair:1   | Reached skill level 14 in Shields
 19189 | Lair:1   | Your ally Judas died
 19735 | Lair:2   | Gained Koronagh as an ally
 20656 | Lair:3   | Gained Bogrim as an ally
 20733 | Lair:3   | Found a staircase to the Swamp.
 20816 | Lair:3   | Gained Ognian as an ally
 21232 | Lair:4   | Found a staircase to the Snake Pit.
 21334 | Lair:4   | Your ally Bogrim died
 22433 | Lair:5   | Found a staircase to the Slime Pits.
 22806 | Lair:6   | Entered Level 6 of the Lair of Beasts
 22954 | Lair:6   | Reached skill level 15 in Shields
 24174 | Elf:1    | Entered Level 1 of the Elven Halls
 24188 | Elf:1    | Reached XP level 16. HP: 147/147 MP: 16/16
 24193 | Elf:1    | Found a radiant altar of Vehumet.
 25744 | Elf:2    | Your ally Ognian died
 25750 | Elf:1    | Reached skill level 16 in Shields
 26220 | Elf:2    | Found Zysor's Book Shop.
 26308 | Elf:2    | Found a runed gate.
 26308 | Elf:2    | Found a runed gate.
 26308 | Elf:2    | Found a runed gate.
 26884 | Elf:1    | Reached skill level 15 in Fighting
 27610 | Elf:2    | Noticed Asterion
 27614 | Elf:2    | Noticed Azrael
 27622 | Elf:2    | Killed Asterion
 27636 | Elf:2    | Your ally Koronagh died
 27669 | Elf:2    | HP: 1/149 [flail of holy wrath (14)]
 27679 | Elf:2    | HP: 2/149 [flail of holy wrath (2)]
 27689 | Elf:1    | HP: 2/149 [flail of holy wrath (9)]
 28243 | Elf:1    | Killed Azrael
 28695 | Elf:2    | Reached skill level 17 in Shields
 28723 | Elf:2    | Reached XP level 17. HP: 91/156 MP: 17/17
 30071 | Elf:3    | Entered Level 3 of the Elven Halls
 30387 | Elf:3    | Found Wiomp's Magic Scroll Shoppe.
 30398 | Elf:3    | Bought a scroll of identify for 42 gold pieces
 30398 | Elf:3    | Bought a scroll of identify for 42 gold pieces
 30642 | Elf:3    | Gained Blodwig as an ally
 30685 | Elf:3    | Your ally Blodwig died
 30704 | Elf:3    | Noticed a deep elf master archer
 32139 | Elf:3    | Reached skill level 18 in Shields
 32483 | Elf:3    | Noticed an Executioner
 32552 | Elf:3    | Shot with an arrow by a deep elf master archer

Skill      XL: |  1  2  3  4  5  6  7  8  9 10 11 12 13 14 15 16 17 |
---------------+----------------------------------------------------+-----
Axes           | 3 4 5 |  5.7
Fighting       | 4 5 6 7 8 10 11 12 13 14 15 | 15.8
Shields        | 4 5 6 7 8 10 11 13 15 17 18 | 18.0
Dodging        | 1 2 3 4 5 6 7 |  7.5
Armour         | 4 5 6 7 8 10 11 12 13 | 13.4
Maces & Flails | 2 5 6 8 10 12 13 14 15 16 | 16.5
Stealth        | 1 2 3 4 |  4.6

Action                   |  1- 3 |  4- 6 |  7- 9 | 10-12 | 13-15 | 16-18 || total
-------------------------+-------+-------+-------+-------+-------+-------++-------
Melee: War axe           |   136 |   145 |       |       |       |       ||   281
       Flail             |       |    24 |   285 |   590 |  1116 |   677 ||  2692
       Battleaxe         |       |       |       |     1 |       |       ||     1
Invok: Convert to Beogh  |       |       |     1 |       |       |       ||     1
       Recall Orcish Fol |       |       |       |       |     1 |       ||     1
  Use: Scroll            |       |     7 |     1 |     8 |     8 |     8 ||    32
       Potion            |       |       |     2 |     3 |     1 |     6 ||    12
 Stab: Distracted        |       |       |       |     1 |    11 |     3 ||    15
       Petrified         |       |       |       |       |     5 |       ||     5
       Sleeping          |       |       |       |       |     1 |       ||     1
  Eat: Chunk             |     1 |     6 |     5 |    14 |    34 |    14 ||    74
       Fruit             |       |     2 |     4 |     6 |       |     8 ||    20
       Royal jelly       |       |       |       |     1 |     3 |     3 ||     7
Armor: Scale mail        |    69 |    69 |   146 |    23 |       |       ||   307
       Chain mail        |       |       |       |   165 |    94 |   100 ||   359
       Ice dragon scales |       |       |       |       |   204 |    39 ||   243
Dodge: Dodged            |    39 |    51 |   136 |   219 |   327 |   147 ||   919
Block: Shield            |    82 |    87 |   173 |   244 |   113 |       ||   699
       Large shield      |       |       |       |       |   975 |   645 ||  1620
       Reflection        |       |       |       |       |    34 |    86 ||   120
